 Dungeon Crawl Stone Soup version 0.20.1-1-g8b1a95d (webtiles) character file.

217594 ReteAZ the Severer (level 18, -13/158 HPs)
             Began as a Deep Dwarf Fighter on Aug 14, 2017.
             Was the Champion of Makhleb.
             Mangled by Asterion
             ... wielding a +2 antimagic demon whip
              (22 damage)
             ... on level 4 of the Spider Nest.
             The game lasted 02:00:41 (30437 turns).

ReteAZ the Severer (Deep Dwarf Fighter)            Turns: 30437, Time: 02:00:42

Health: -13/158    AC: 21    Str: 25 (27) XL:     18   Next: 39%
Magic:  1/21       EV:  6    Int: 14      God:    Makhleb [******]
Gold:   4026       SH: 26    Dex: 11 (12) Spells: 17/17 levels left

rFire    + + .     SeeInvis .   b - +2 war axe (vamp)
rCold    . . .     Gourm    .   Z - +0 large shield
rNeg     + . .     Faith    .   E - +1 plate armour {rF+}
rPois    +         Spirit   .   r - +1 helmet
rElec    +         Reflect  +   R - +0 cloak
rCorr    .         Harm     .   U - +0 pair of gloves (curse)
MR       ++++.                  V - +1 pair of boots
Stlth    ..........             x - amulet of Suspicion {Reflect +Blink rF+ Slay+2 SH+4 Stlth+}
Regen    0.0/turn               K - ring of the Mage {Wiz MR++ Int+3}
MPRegen  0.2/turn               m - ring of Dogma {rElec rPois Str+3 Stlth+}

@: very slightly contaminated, non-regenerating, invisible
A: damage resistance, heal wounds, deformed body, dopey 1, frail 1, negative
energy resistance 1, sense surroundings 3, subdued magic 1, no regeneration
}: 1/15 runes: decaying
a: Heal Wounds, Minor Destruction, Lesser Servant of Makhleb, Major Destruction,
Greater Servant of Makhleb, Renounce Religion, Evoke Blink


You were on level 4 of the Spider Nest.
You worshipped Makhleb.
Makhleb was exalted by your worship.
You were not hungry.

You visited 7 branches of the dungeon, and saw 33 of its levels.
You also visited: Ossuary and Volcano.

You collected 4142 gold pieces.
You spent 116 gold pieces at shops.

Inventory:

Hand Weapons
 b - a +2 vampiric war axe (weapon)
 l - a +0 broad axe of flaming
 H - the +1 hand axe "Jowneut" {flame, *Slow rC+++ rN++ Int+2}
   (You found it on level 7 of the Dungeon)

   It has been specially enchanted to burn those struck by it, causing extra
   injury to most foes and up to half again as much damage against particularly
   susceptible opponents.
   Big, fiery blades are also staple armaments of hydra-hunters.
   It affects your intelligence (+2).
   It renders you almost immune to cold.
   It greatly protects you from negative energy.
   It may slow you when you take damage.
 T - a +2 vampiric battleaxe
Missiles
 L - 12 javelins (quivered)
 S - 3 throwing nets
Armour
 i - +0 fire dragon scales
 r - a +1 helmet (worn)
 E - a +1 plate armour of fire resistance (worn)
 R - a +0 cloak (worn)
 U - a cursed +0 pair of gloves (worn)
 V - a +1 pair of boots (worn)
 Z - a +0 large shield (worn)
Jewellery
 e - the amulet of Surprise {Spirit Int+4}
   (You found it on level 3 of the Spider Nest)

   [amulet of guardian spirit]

   It causes incoming damage to be split between your health and magic.
   It affects your intelligence (+4).
 m - the ring of Dogma (right hand) {rElec rPois Str+3 Stlth+}
   (You acquired it on level 7 of the Dungeon)

   [ring of poison resistance]

   It affects your strength (+3).
   It insulates you from electricity.
   It protects you from poison.
   It makes you more stealthy.
 x - the amulet of Suspicion (around neck) {Reflect +Blink rF+ Slay+2 SH+4 Stlth+}
   (You found it on level 4 of the Dungeon)

   [amulet of reflection]

   It shields you and reflects attacks.
   It affects your accuracy and damage with ranged weapons and melee attacks
   (+2).
   It protects you from fire.
   It lets you blink.
   It affects your SH (+4).
   It makes you more stealthy.
 I - an uncursed ring of flight
 J - an uncursed ring of protection from fire
 K - the ring of the Mage (left hand) {Wiz MR++ Int+3}
   (You found it on level 7 of the Dungeon)

   [ring of wizardry]

   It improves your spell success rate.
   It affects your intelligence (+3).
   It affects your resistance to hostile enchantments.
Wands
 a - a wand of acid (5/15)
 O - a wand of digging (6/24)
Scrolls
 g - 13 scrolls of remove curse
 k - 10 scrolls of teleportation
 y - 3 scrolls of brand weapon
 B - 6 scrolls of identify
 D - 2 scrolls of enchant weapon
 G - 7 scrolls of recharging
 N - 8 scrolls of fog
 P - 7 scrolls of enchant armour
 Q - a scroll of fear
 Y - a scroll of magic mapping
Potions
 c - a potion of haste
 d - 4 potions of might
 j - 7 potions of agility
 p - 8 potions of resistance
 s - 7 potions of ambrosia
 t - 4 potions of brilliance
 u - a potion of cancellation
 w - 4 potions of magic
 A - a potion of heal wounds
 C - 4 potions of curing
 F - 2 potions of berserk rage
 W - 2 potions of flight
Books
 q - a book of Dreams

   Spells                             Type                      Level
   a - Ensorcelled Hibernation        Hexes/Ice                    2
   b - Silence                        Hexes/Air                    5
   c - Darkness                       Hexes                        6
   d - Shadow Creatures               Summoning                    6
 v - the Papyrus of Venom and the Voyage
   (You found it on level 15 of the Dungeon)

   Spells                             Type                      Level
   a - Sting                          Conjuration/Poison           1
   b - Apportation                    Translocation                1
   c - Blink                          Translocation                2
   d - Olgreb's Toxic Radiance        Poison                       4
   e - Malign Gateway                 Summoning/Translocation      7
Comestibles
 f - 9 bread rations
 h - 19 meat rations
 n - 2 chunks of flesh
 o - 14 royal jellies
 z - 8 fruits


   Skills:
 + Level 14.3 Fighting
 * Level 17.9 Axes
 - Level 15.0 Armour
 + Level 17.8 Shields
 + Level 14.4 Invocations
 - Level 7.6 Evocations


You had 17 spell levels left.
You didn't know any spells.

Dungeon Overview and Level Annotations

Branches:
Dungeon (15/15)            Temple (0/1) D:4            Lair (6/6) D:10
  Swamp (4/4) Lair:3       Spider (4/4) Lair:4        Slime (0/5) Lair:5
    Orc (2/2) D:9             Elf (1/3) Orc:2        Vaults (0/5) D:14
 Depths (1/5) D:15

Altars:
Ashenzari
Cheibriados
Dithmenos
Elyvilon
Fedhas
Gozag
Kikubaaqudgha
Makhleb
Okawaru
Xom
Yredelemnul
Beogh

Shops:
D:11 %   Orc:2 *[(?

Annotations:
D:4 pupurumpum's ghost, amateur GrFi
Spider:4 Asterion


Innate Abilities, Weirdness & Mutations

You are resistant to damage.
You can heal yourself by infusing magical energy.
You resist negative energy. (rN+)
You passively map a large area around you.
You do not regenerate.
Armour fits poorly on your strangely shaped body.
You are dopey. (Int -2)
You are frail. (-10% HP)
Your spells are a little easier to cast, but a little less powerful.


Message History

The Executioner hits you but does no damage. x2
Okay, then.
As you read the scroll of fog, it crumbles to dust.
The scroll dissolves into smoke.
You block the Executioner's attack. The Executioner hits you.
You block the Executioner's attack. The Executioner completely misses you.
The Executioner hits you but does no damage. x2
Asterion hits you but does no damage. Asterion gores you!
* * * LOW HITPOINT WARNING * * *
The Executioner barely misses you. x2; You block the Executioner's attack.
You are caught in the web!
The Executioner hits you but does no damage. x6
Asterion hits you but does no damage. Asterion barely misses you.
There is a web here.
You disentangle yourself.
You block the Executioner's attack.
The Executioner hits you but does no damage. x2
You block the Executioner's attack. x2
The Executioner hits you but does no damage.
Asterion hits you with an antimagic demon whip!!
You die...

, ,
,.^........^...s.......# ,,
.....$.^%.......†........#
.#.....^......^#...†......#
,
...............s..†..^...##
.........................^#
*
*#.......§...s....^.......#
#.......§§ss.ss..........#
#).....#.§sssss....^.....#
#...#...§@1s...^......^..#
,.##...<§^H.§............#
#.....†.................#
##....................^##
##..........^.(......##
#............##......#
#^..........###......#
##..................##
#...^...............#


You could see Asterion, an Executioner, a jumping spider and 4 redbacks.

Vanquished Creatures
  Saint Roka (Orc:2)
  Frances (D:12)
  2 thorn hunters
  Kirke (D:14)
  Roxanne (Swamp:1)
  An azure jelly (Swamp:4)
  Aizul (Swamp:1)
  A deep elf sorcerer (Elf:1)
  A ghost moth (Spider:3)
  An orc warlord (Orc:1)
  Louise (Swamp:1)
  An emperor scorpion (Spider:3)
  3 entropy weavers
  A very ugly thing (Swamp:4)
  Nessos (Orc:2)
  Azrael (D:12)
  A deep elf annihilator (Elf:1)
  An ettin (Orc:1)
  2 fire dragons
  Erolcha (D:10)
  3 ice dragons (Swamp:4)
  An ogre mage (Depths:1)
  2 ghost crabs (Swamp:3)
  11 hydras
  2 catoblepae
  4 centaur warriors
  7 two-headed ogres
  6 alligators
  7 dancing weapons
  A death knight (D:13)
  2 orc high priests (Orc:2)
  7 spriggans
  A tengu warrior (D:13)
  Urug (D:10)
  Sonja (Lair:1)
  6 deep elf knights (Elf:1)
  3 unseen horrors
  8 skeletal warriors
  A glowing orange brain (Depths:1)
  5 spriggan druids
  3 swamp dragons
  A shambling mangrove (Swamp:2)
  Pikel (D:6)
  3 deep elf archers (Elf:1)
  An anaconda skeleton (Volcano)
  2 necromancers
  A lindwurm (Lair:6)
  7 orb spiders
  23 wolf spiders
  3 orc sorcerers
  31 deep elf magi
  An oklob plant (Swamp:2)
  7 ugly things
  8 cyclopes
  A moth of wrath (Spider:3)
  A naga mage (D:15)
  Maurice (D:8)
  7 torpor snails
  Joseph (D:7)
  4 black mambas
  8 gargoyles
  15 spiny frogs
  7 demonic crawlers
  4 yaktaurs (D:15)
  A rime drake (Lair:1)
  7 komodo dragons
  2 efreet
  7 freezing wraiths
  7 trolls
  34 jumping spiders
  A tengu conjurer (D:15)
  6 meliai
  A queen bee (Spider:1)
  A wolf spider simulacrum (D:15)
  10 tyrant leeches
  22 hornets
  Grinder (D:6)
  Prince Ribbit (D:8)
  A polar bear (Lair:5)
  23 blink frogs
  4 bog bodies
  28 slime creatures
  18 hippogriffs
  2 harpy skeletons (Volcano)
  A slime creature (shapeshifter) (Depths:1)
  3 flying skulls (Volcano)
  2 shadows
  26 tarantellas
  2 centaur simulacra (D:15)
  Sigmund (D:5)
  3 water elementals (Elf:1)
  6 wraiths
  57 redbacks
  44 yaks
  A vampire (D:15)
  3 wyverns
  3 hogs (D:14)
  4 alligator skeletons (Volcano)
  3 fire elementals
  3 wargs
  A basilisk (D:14)
  2 hungry ghosts
  2 swamp worm simulacra (Swamp:4)
  A steam dragon (D:11)
  9 vampire mosquitoes
  Menkaure (D:7)
  A harpy simulacrum (D:15)
  2 acid dragons
  10 insubstantial wisps
  A soldier ant (D:13)
  14 swamp worms
  3 hell hounds (D:12)
  10 porcupines
  13 hydra simulacra (Swamp:4)
  13 water moccasins
  10 swamp drakes
  2 ice beasts
  3 slaves (D:6)
  A black bear (Lair:1)
  31 orc warriors
  An eye of draining (D:10)
  2 sky beasts (D:12)
  2 phantoms
  15 ogres
  10 crocodiles
  12 centaurs
  27 wolves
  2 big kobolds
  Blork the orc (D:6)
  20 bullfrogs
  An earth elemental (Elf:1)
  A gnoll sergeant (D:11)
  A wyvern skeleton (D:13)
  34 scorpions
  16 wights
  40 killer bees
  A spriggan skeleton (Volcano)
  4 electric eels (D:10)
  A troll skeleton (Volcano)
  4 howler monkeys
  2 bullfrog zombies
  7 crimson imps
  6 centaur zombies
  8 jellies
  7 hounds
  5 centaur skeletons
  A gnoll shaman (Orc:1)
  25 orc priests
  A bullfrog skeleton (D:4)
  29 orc wizards
  7 iguanas
  8 worker ants
  4 yak simulacra (D:13)
  A wolf simulacrum (D:13)
  2 naga skeletons (Volcano)
  A hound skeleton (D:4)
  A howler monkey zombie (D:5)
  Robin (D:3)
  2 worker ant zombies
  16 gnolls
  13 adders
  5 shadow imps
  12 white imps (Lair:4)
  6 swamp drake simulacra (Swamp:4)
  An ooze (D:2)
  2 adder zombies
  3 adder skeletons
  4 worms
  A dart slug (D:3)
  7 leopard geckos
  128 orcs
  A ball python (D:4)
  9 bats
  6 giant cockroaches
  15 goblins
  13 hobgoblins
  17 jackals
  3 quokkas
  2 ball python skeletons (Ossuary)
  4 frilled lizards
  A hobgoblin skeleton (Ossuary)
  2 hobgoblin zombies (Ossuary)
  A jackal skeleton (D:5)
  15 kobolds
  A kobold zombie (Ossuary)
  2 orc zombies (Ossuary)
  A quokka skeleton (D:8)
  6 rats
  6 river rat simulacra (D:13)
  7 fungi
  3 plants
1339 creatures vanquished.

Vanquished Creatures (collateral kills)
  The ghost of ReteAZ the Black Belt, an adept OpTm of Cheibriados (Swamp:4)
  4 emperor scorpions
  An entropy weaver (Spider:4)
  An orc high priest (Orc:2)
  A spriggan druid (Swamp:4)
  An orb spider (Spider:3)
  3 wolf spiders
  2 spiny frogs (Swamp:4)
  5 jumping spiders
  3 redbacks
  A spriggan (Swamp:4)
  A tarantella (Spider:3)
  A warg (Orc:2)
  A water moccasin (D:12)
  2 orc warriors (Orc:2)
  A necrophage (D:10)
  A scorpion (Spider:1)
  A hound (D:10)
  7 orcs (Orc:2)
38 creatures vanquished.

Vanquished Creatures (others)
  Nikola (Spider:1)
  A centaur warrior (D:15)
  A dancing weapon (Elf:1)
  2 spriggan druids (Swamp:3)
  3 deep elf archers (Elf:1)
  2 spiny frogs
  A jumping spider (Spider:1)
  A tyrant leech (Swamp:3)
  A redback (Spider:4)
  A swamp drake (Swamp:3)
  A slave (D:6)
  An orc wizard (Orc:2)
  2 gnolls (D:11)
  An orc (D:7)
  A goblin (D:2)
  3 briar patches (Swamp:3)
  2 fungi
  33 plants
58 creatures vanquished.

Grand Total: 1435 creatures vanquished

Notes
Turn   | Place    | Note
-------+----------+-------------------------------------------
     0 | D:1      | ReteAZ the Deep Dwarf Fighter began the quest for the Orb.
     0 | D:1      | Reached XP level 1. HP: 20/20 MP: 1/1
   398 | D:1      | Reached XP level 2. HP: 24/27 MP: 2/2
   725 | D:2      | Reached XP level 3. HP: 23/33 MP: 3/3
   866 | D:2      | Found a white marble altar of Elyvilon.
  1170 | D:2      | Reached XP level 4. HP: 21/40 MP: 4/4
  1367 | D:3      | Noticed Robin
  1430 | D:3      | Killed Robin
  1693 | D:3      | Reached XP level 5. HP: 38/46 MP: 5/5
  1722 | D:3      | Found a burning altar of Makhleb.
  1722 | D:3      | Noticed a cacodemon
  1735 | D:3      | Noticed a neqoxec
  1735 | D:3      | Noticed a smoke demon
  1737 | D:3      | Became a worshipper of Makhleb the Destroyer
  1809 | D:3      | Reached skill level 5 in Axes
  2188 | D:3      | Reached * piety under Makhleb
  2266 | D:3      | Reached XP level 6. HP: 55/55 MP: 6/6
  2343 | D:4      | Got a twitching golden amulet
  2355 | D:4      | Found a staircase to the Ecumenical Temple.
  2359 | D:4      | Identified the amulet of Suspicion {Reflect +Blink rF+ Slay+2 SH+4 Stlth+} (You found it on level 4 of the Dungeon)
  2554 | D:4      | Noticed pupurumpum's ghost (amateur GrFi)
  2923 | D:4      | Reached skill level 5 in Armour
  2923 | D:4      | Reached XP level 7. HP: 54/61 MP: 7/7
  2933 | D:4      | Reached skill level 5 in Shields
  3095 | D:5      | Entered Level 5 of the Dungeon
  3095 | D:5      | Found an opulent altar of Gozag.
  3111 | D:5      | Noticed Sigmund
  3112 | D:5      | Reached ** piety under Makhleb
  3328 | D:5      | Found a sand-covered staircase.
  3335 | Ossuary  | Entered an ossuary
  3438 | Ossuary  | Noticed a flying skull
  3438 | Ossuary  | Noticed a wraith
  3447 | Ossuary  | Noticed a flying skull
  3458 | Ossuary  | Noticed a flying skull
  3496 | Ossuary  | Noticed a wraith
  3514 | Ossuary  | Killed a wraith
  3551 | Ossuary  | Noticed a flying skull
  3552 | Ossuary  | Noticed a wraith
  3559 | Ossuary  | Killed a wraith
  3559 | Ossuary  | Reached XP level 8. HP: 60/68 MP: 8/8
  4030 | D:5      | Killed Sigmund
  4223 | D:6      | Noticed Grinder
  4236 | D:6      | Killed Grinder
  4331 | D:6      | Found a shattered altar of Ashenzari.
  4373 | D:6      | Noticed Pikel
  4387 | D:6      | Killed Pikel
  4387 | D:6      | Gained mutation: You passively map the area around you. [Deep Dwarf growth]
  4387 | D:6      | Reached XP level 9. HP: 74/74 MP: 9/9
  4481 | D:6      | Reached *** piety under Makhleb
  4496 | D:6      | Reached skill level 10 in Axes
  4509 | D:6      | Found a shadowy altar of Dithmenos.
  4701 | D:6      | Noticed Blork the orc
  4714 | D:6      | Killed Blork the orc
  4908 | D:6      | Reached skill level 1 in Invocations
  5112 | D:7      | Found an iron altar of Okawaru.
  5118 | D:7      | Got a slimy hand axe
  5119 | D:7      | Identified the +1 hand axe "Jowneut" {flame, *Slow rC+++ rN++ Int+2} (You found it on level 7 of the Dungeon)
  5121 | D:7      | Identified a scroll of acquirement
  5133 | D:7      | Got a scintillating lead ring
  5134 | D:7      | Identified the ring of Dogma {rElec rPois Str+3 Stlth+} (You acquired it on level 7 of the Dungeon)
  5178 | D:7      | Noticed Menkaure
  5216 | D:7      | Found an ancient bone altar of Kikubaaqudgha.
  5217 | D:7      | Noticed Joseph
  5234 | D:7      | Killed Joseph
  5617 | D:7      | Killed Menkaure
  5960 | D:7      | Reached XP level 10. HP: 81/81 MP: 11/13
  6076 | D:8      | Noticed Prince Ribbit
  6087 | D:8      | Killed Prince Ribbit
  6096 | D:8      | Found a basalt altar of Yredelemnul.
  6126 | D:8      | Found an iron altar of Okawaru.
  6162 | D:8      | Noticed Maurice
  6163 | D:8      | Found a blossoming altar of Fedhas.
  6203 | D:8      | Killed Maurice
  6244 | D:8      | Reached **** piety under Makhleb
  6272 | D:8      | Noticed a two-headed ogre
  6289 | D:8      | Killed a two-headed ogre
  6289 | D:8      | Reached skill level 5 in Invocations
  6590 | D:8      | Reached skill level 1 in Evocations
  6999 | D:9      | Found a staircase to the Orcish Mines.
  7182 | D:9      | Noticed a centaur warrior
  7193 | D:9      | Killed a centaur warrior
  7193 | D:9      | Reached XP level 11. HP: 88/88 MP: 15/15
  7240 | D:9      | Found a shimmering altar of Xom.
  7464 | D:9      | Found a burning altar of Makhleb.
  7470 | D:9      | Found a snail-covered altar of Cheibriados.
  7512 | D:9      | Noticed a two-headed ogre
  7527 | D:9      | Killed a two-headed ogre
  7541 | D:10     | Entered Level 10 of the Dungeon
  7642 | D:10     | Noticed Erolcha
  7662 | D:10     | Killed Erolcha
  7678 | D:10     | Reached ***** piety under Makhleb
  7699 | D:10     | Found a staircase to the Lair.
  7846 | D:10     | Noticed Urug
  7867 | D:10     | Killed Urug
  7867 | D:10     | Reached skill level 5 in Evocations
  7918 | D:10     | Noticed a centaur warrior
  7920 | D:10     | Noticed a fire dragon
  7972 | D:10     | Killed a centaur warrior
  7972 | D:10     | Reached skill level 10 in Armour
  7972 | D:10     | Reached skill level 10 in Shields
  7998 | D:10     | Killed a fire dragon
  8022 | D:10     | Reached XP level 12. HP: 96/96 MP: 1/18
  8275 | D:10     | Found a shimmering altar of Xom.
  8335 | D:11     | Noticed a seven-headed hydra
  8355 | Lair:1   | Entered Level 1 of the Lair of Beasts
  8443 | Lair:1   | Noticed Sonja
  8470 | Lair:1   | Killed Sonja
  9001 | Lair:1   | Noticed a six-headed hydra
  9011 | Lair:1   | Killed a one-headed hydra
  9826 | Lair:3   | Noticed an eight-headed hydra
  9846 | Lair:3   | Killed a one-headed hydra
  9896 | Lair:3   | Reached skill level 10 in Invocations
 10065 | Lair:3   | Found a dark tunnel.
 10074 | Volcano  | Entered a volcano
 10174 | Volcano  | Reached skill level 5 in Fighting
 10694 | Lair:3   | Reached XP level 13. HP: 112/112 MP: 21/21
 11015 | Lair:3   | Found a staircase to the Swamp.
 12115 | Lair:4   | Found a hole to the Spider Nest.
 12374 | Lair:4   | Reached ****** piety under Makhleb
 12781 | Lair:5   | Found a staircase to the Slime Pits.
 13337 | Lair:6   | Entered Level 6 of the Lair of Beasts
 13636 | Lair:6   | Reached skill level 10 in Fighting
 14113 | Lair:6   | Found a runed door.
 14123 | Lair:6   | Noticed a fire dragon
 14137 | Lair:6   | Killed a fire dragon
 14137 | Lair:6   | Gained mutation: You resist negative energy. (rN+) [Deep Dwarf growth]
 14137 | Lair:6   | Reached XP level 14. HP: 135/135 MP: 23/23
 14557 | Orc:1    | Entered Level 1 of the Orcish Mines
 14564 | Orc:1    | Noticed an orc warlord
 14585 | Orc:1    | Killed an orc warlord
 15181 | Orc:2    | Entered Level 2 of the Orcish Mines
 15426 | Orc:2    | Noticed Saint Roka
 15491 | Orc:2    | Found a staircase to the Elven Halls.
 15558 | Orc:2    | Noticed Nessos
 15589 | Orc:2    | Killed Nessos
 15703 | Orc:2    | Found a roughly hewn altar of Beogh.
 15704 | Orc:2    | Found Wouges's Magic Scroll Boutique.
 15860 | Orc:2    | Gained mutation: Armour fits poorly on your strangely shaped body. [a neqoxec]
 15863 | Orc:2    | Gained mutation: You are frail. (-10% HP) [a neqoxec]
 15913 | Orc:2    | Killed Saint Roka
 15918 | Orc:2    | Found Xiacyamm's Antique Weapon Shoppe.
 15919 | Orc:2    | Found a roughly hewn altar of Beogh.
 15922 | Orc:2    | Found Niacaqud's Antique Armour Emporium.
 16050 | Orc:2    | Found a roughly hewn altar of Beogh.
 16051 | Orc:2    | Found Safaox's Assorted Antiques.
 16067 | Orc:2    | Gained mutation: You are dopey. (Int -2) [a neqoxec]
 16109 | Orc:2    | Bought a scroll labeled MEFOCKEMPUS for 29 gold pieces
 16109 | Orc:2    | Bought a potion of curing for 87 gold pieces
 16214 | Orc:2    | Found a roughly hewn altar of Beogh.
 16324 | Orc:2    | Found a roughly hewn altar of Beogh.
 16494 | Orc:2    | Found a roughly hewn altar of Beogh.
 16696 | Spider:1 | Entered Level 1 of the Spider Nest
 16849 | Spider:1 | Noticed Nikola
 16872 | Spider:1 | Killed Nikola
 16872 | Spider:1 | Reached skill level 15 in Axes
 17097 | D:11     | Paralysed by a hornet for 3 turns
 17179 | D:11     | Reached XP level 15. HP: 89/135 MP: 24/24
 17201 | D:11     | Found Cuurusen's Food Boutique.
 17785 | D:12     | Noticed Azrael
 17795 | D:12     | Killed Azrael
 18244 | D:12     | Found a roughly hewn altar of Beogh.
 18342 | D:12     | Noticed Frances
 18353 | D:12     | Killed Frances
 19917 | D:14     | Found a gate to the Vaults.
 20170 | D:14     | Noticed Kirke
 20188 | D:14     | Noticed a sphinx
 20188 | D:14     | Killed Kirke
 20563 | D:15     | Entered Level 15 of the Dungeon
 20801 | D:15     | Identified the Papyrus of Venom and the Voyage
 20860 | D:15     | Reached XP level 16. HP: 125/142 MP: 25/25
 21152 | D:15     | Found a staircase to the Depths.
 21452 | Swamp:1  | Entered Level 1 of the Swamp
 21453 | Swamp:1  | Noticed Roxanne
 21494 | Swamp:1  | Noticed Aizul
 21508 | Swamp:1  | Killed Aizul
 21701 | Swamp:1  | Noticed Louise
 21750 | Swamp:1  | Killed Louise
 22671 | Swamp:3  | Noticed a thorn hunter
 22692 | Swamp:3  | Killed a thorn hunter
 23323 | Swamp:4  | Entered Level 4 of the Swamp
 23360 | Swamp:4  | Noticed a thorn hunter
 23371 | Swamp:4  | Killed a thorn hunter
 23371 | Swamp:4  | Reached skill level 15 in Armour
 23507 | Swamp:4  | Noticed ReteAZ's ghost (adept OpTm)
 23532 | Swamp:4  | Killed ReteAZ's ghost
 23835 | Swamp:4  | Reached XP level 17. HP: 104/148 MP: 26/26
 23907 | Swamp:4  | Got a decaying rune of Zot
 24176 | Swamp:4  | Reached skill level 15 in Shields
 24392 | Swamp:1  | Killed Roxanne
 24393 | Swamp:1  | Identified Roxanne's Compendium of the Rocks (You took it off Roxanne on level 1 of the Swamp)
 25201 | Depths:1 | Entered Level 1 of the Depths
 25873 | Spider:1 | Gained mutation: Your spells are a little easier to cast, but a little less powerful. [a cacodemon]
 26058 | Orc:1    | HP: 5/148 [ettin/dire flail (25)]
 26113 | Elf:1    | Entered Level 1 of the Elven Halls
 27140 | Elf:1    | Identified the Guide on Battle Magic and Illusion
 28005 | Spider:2 | Gained mutation: You passively map a large area around you. [Deep Dwarf growth]
 28005 | Spider:2 | Reached XP level 18. HP: 157/157 MP: 24/24
 29657 | Spider:3 | Got an ancient platinum amulet
 29658 | Spider:3 | Identified the amulet of Surprise {Spirit Int+4} (You found it on level 3 of the Spider Nest)
 30364 | Spider:4 | Entered Level 4 of the Spider Nest
 30410 | Spider:4 | Noticed Asterion
 30437 | Spider:4 | Mangled by Asterion

Skill      XL: |  1  2  3  4  5  6  7  8  9 10 11 12 13 14 15 16 17 18 |
---------------+-------------------------------------------------------+-----
Axes           | 3 4 5 6 8 9 11 12 13 14 15 16 17 | 17.9
Shields        | 4 5 7 8 9 10 11 14 17 | 17.8
Armour         | 4 5 6 7 8 9 10 13 15 | 15.0
Invocations    | 4 6 8 11 13 14 | 14.4
Evocations     | 3 6 7 |  7.6
Fighting       | 6 11 13 14 | 14.3

Action                   |  1- 3 |  4- 6 |  7- 9 | 10-12 | 13-15 | 16-18 || total
-------------------------+-------+-------+-------+-------+-------+-------++-------
Melee: War axe           |   116 |    53 |       |       |   355 |  1557 ||  2081
       Hand axe          |       |   199 |   400 |   981 |   555 |       ||  2135
       Broad axe         |       |       |       |       |   600 |   463 ||  1063
       Battleaxe         |       |       |       |       |   420 |       ||   420
Throw: Tomahawk          |    19 |       |       |       |       |       ||    19
       Javelin           |       |       |       |    10 |     8 |    15 ||    33
Invok: Lesser Servant of |       |       |       |     2 |       |    16 ||    18
       Greater Servant o |       |       |       |       |     4 |     7 ||    11
 Abil: Heal Wounds       |       |     1 |       |       |     4 |    21 ||    26
  Use: Scroll            |       |     6 |    15 |     6 |    13 |     9 ||    49
       Potion            |       |       |     1 |     1 |     4 |    18 ||    24
 Stab: Sleeping          |       |       |       |       |     2 |       ||     2
       Distracted        |       |       |       |       |     1 |     7 ||     8
       Confused          |       |       |       |       |       |     1 ||     1
  Eat: Chunk             |     1 |     5 |    11 |    13 |    35 |    16 ||    81
       Bread ration      |       |     1 |       |       |     4 |     4 ||     9
       Fruit             |       |       |     1 |     4 |     2 |    16 ||    23
       Meat ration       |       |       |       |     1 |       |       ||     1
Armor: Scale mail        |    41 |    91 |    71 |       |       |       ||   203
       Plate armour      |       |       |    29 |   185 |   637 |  1134 ||  1985
       Fire dragon scale |       |       |       |   108 |   222 |       ||   330
Dodge: Dodged            |    36 |    69 |    57 |   135 |   442 |   403 ||  1142
Block: Shield            |    57 |   132 |   224 |   651 |   741 |       ||  1805
       Reflection        |       |     1 |     5 |    19 |    32 |    50 ||   107
       Other             |       |       |       |       |    89 |       ||    89
       Large shield      |       |       |       |       |   309 |  2501 ||  2810
